 Dungeon Crawl Stone Soup version 0.20.0-8-g6b59dc7 (webtiles) character file.

137 Chiseanne the Magician (level 5, 35/35 HPs)
             Began as a Demonspawn Wizard on May 30, 2017.
             Quit the game on level 2 of the Dungeon.
             The game lasted 00:04:53 (2745 turns).

Chiseanne the Magician (Demonspawn Wizard)          Turns: 2745, Time: 00:04:54

Health: 35/35      AC:  5    Str:  7    XL:     5   Next: 0%
Magic:  7/11       EV: 12    Int: 21    God:
Gold:   60         SH:  0    Dex: 11    Spells: 3/12 levels left

rFire    . . .     SeeInvis .   h - +3 falchion (elec)
rCold    . . .     Gourm    .   (no shield)
rNeg     . . .     Faith    .   a - +0 robe
rPois    .         Spirit   .   b - +0 hat
rElec    .         Reflect  .   (no cloak)
rCorr    .         Harm     .   j - +0 pair of gloves
MR       .....                  (no boots)
Stlth    +.........             (no amulet)
Regen    0.2/turn               (no ring)
MPRegen  0.2/turn               (no ring)

@: no status effects
A: hooves 1, slimy green scales 1
a: no special abilities


You were on level 2 of the Dungeon.
You were not hungry.

You visited 1 branch of the dungeon, and saw 2 of its levels.

You collected 60 gold pieces.

Inventory:

Hand Weapons
 h - a +3 falchion of electrocution (weapon)
Missiles
 e - 60 stones (quivered)
 i - 17 sling bullets
 l - 39 arrows
Armour
 a - a +0 robe (worn)
 b - a +0 hat (worn)
 j - a +0 pair of gloves (worn)
Jewellery
 q - an uncursed ring of poison resistance {unknown}
Scrolls
 c - a scroll of teleportation
 f - a scroll of immolation
Comestibles
 d - 2 bread rations
 g - 4 chunks of flesh
 p - a royal jelly


   Skills:
 - Level 1.7 Dodging
 - Level 1.7 Stealth
 * Level 4.4 Spellcasting
 * Level 3.3 Conjurations
   Level 1.0 Summonings
 - Level 0.8 Translocations


You had 3 spell levels left.
You knew the following spells:

 Your Spells              Type           Power        Failure   Level  Hunger
a - Magic Dart            Conj           ###.         3%          1    None
b - Blink                 Tloc           N/A          12%         2    #......
c - Conjure Flame         Conj/Fire      ##......     17%         3    ##.....
d - Mephitic Cloud        Conj/Pois/Air  #.......     22%         3    ##.....


Dungeon Overview and Level Annotations

Branches:
Dungeon (2/15)

Altars:
Uskayaw


Innate Abilities, Weirdness & Mutations

You have large cloven feet.
You are partially covered in slimy green scales. (AC +2)


Message History

Confirm with . or Enter, or press ? or * to list all spells.
Aiming: Magic Dart
Press: ? - help, Shift-Dir - straight line, f/p - giant cockroach
Aim: a giant cockroach (severely wounded, clinging)
The magic dart hits the giant cockroach.
The giant cockroach is severely wounded.
The giant cockroach misses you.
You riposte.
You barely miss the giant cockroach.
The giant cockroach is moderately wounded.
Casting: Magic Dart
Confirm with . or Enter, or press ? or * to list all spells.
Aiming: Magic Dart
Press: ? - help, Shift-Dir - straight line, f/p - giant cockroach
Aim: a giant cockroach (moderately wounded, clinging)
The magic dart hits the giant cockroach.
You kill the giant cockroach!
You have reached level 5!
Your demonic ancestry asserts itself...
Your feet thicken and deform.
Are you sure you want to abandon this character and quit the game? (Confirm with "yes".)

#.........#
#........
#......##+#
#.....###.# #...:##
8.8 #...## ##.## #
#..## #.#.##.##
###.## #8.8'=..#
#...# #.#@# ## #.###
##.## )# #.# #8.8#
.# #.# ##.## .####.#
#####.#.# ###
......#
##..###.###..##
#######
#.8...#.#...8.#
#....#'.'#....#..#
#....#).)#....#..###


There were no monsters in sight!

Vanquished Creatures
  Terence (D:2)
  5 adders (D:2)
  3 worms
  2 dart slugs (D:1)
  A leopard gecko (D:1)
  4 orcs (D:2)
  2 ball pythons (D:2)
  4 bats
  4 giant cockroaches
  4 goblins
  4 hobgoblins
  10 kobolds
  5 frilled lizards (D:1)
  2 rats (D:2)
51 creatures vanquished.

Notes
Turn   | Place    | Note
-------+----------+-------------------------------------------
     0 | D:1      | Chiseanne the Demonspawn Wizard began the quest for the Orb.
     0 | D:1      | Reached XP level 1. HP: 13/13 MP: 4/4
   370 | D:1      | Gained mutation: You are partially covered in slimy green scales. (AC +2) [demonic ancestry]
   370 | D:1      | Reached XP level 2. HP: 19/19 MP: 4/6
  1297 | D:1      | Reached XP level 3. HP: 22/24 MP: 0/8
  1392 | D:2      | Learned a level 2 spell: Blink
  1396 | D:2      | Learned a level 3 spell: Conjure Flame
  1400 | D:2      | Learned a level 3 spell: Mephitic Cloud
  1691 | D:2      | Noticed Terence
  1713 | D:2      | Killed Terence
  1801 | D:2      | Reached XP level 4. HP: 30/30 MP: 0/9
  1885 | D:2      | Reached skill level 4 in Spellcasting
  2289 | D:2      | Found a hide-covered altar of Uskayaw.
  2744 | D:2      | Gained mutation: You have large cloven feet. [demonic ancestry]
  2744 | D:2      | Reached XP level 5. HP: 35/35 MP: 7/11
  2745 | D:2      | Quit the game

Skill      XL: |  1  2  3  4 |
---------------+-------------+-----
Conjurations   | 2 3 |  3.3
Spellcasting   | 4 |  4.4
Dodging        | |  1.7
Stealth        | |  1.7
Summonings     | |  1.0
Translocations | |  0.8

Action                   |  1- 3 |  4- 6 || total
-------------------------+-------+-------++-------
Melee: Unarmed           |     6 |       ||     6
       Short sword       |     3 |       ||     3
       Mace              |    10 |       ||    10
       Falchion          |       |     2 ||     2
 Cast: Magic Dart        |    79 |    59 ||   138
       Mephitic Cloud    |     2 |       ||     2
  Use: Scroll            |     2 |     3 ||     5
       Potion            |     2 |       ||     2
 Stab: Confused          |     1 |       ||     1
  Eat: Chunk             |     2 |     4 ||     6
Armor: Robe              |     5 |     6 ||    11
Dodge: Dodged            |    28 |     7 ||    35
       Rpst.: Falchion   |       |     1 ||     1
